 Dungeon Crawl Stone Soup version 0.30-a0-715-gdb4ae3ece1 (webtiles) character file.

Game seed: 1187167825049508591

50 Crownlay the Grave Robber (level 3, -10/24 HPs)
             Began as a Demonspawn Necromancer on Jan 23, 2023.
             Mangled by Terence
             ... wielding a +2 falchion of holy wrath
              (11 damage)
             ... on level 2 of the Dungeon.
             The game lasted 00:02:13 (1158 turns).

Crownlay the Grave Robber (Demonspawn Necromancer)  Turns: 1158, Time: 00:02:13

Health: -10/24     AC:  2    Str:  8    XL:     3   Next: 55%
Magic:  0/6        EV: 12    Int: 18    God:
Gold:   43         SH:  0    Dex: 13    Spells: 5/6 levels left

rFire   . . .      SeeInvis .    g - +0 short sword
rCold   . . .      Faith    .    (no shield)
rNeg    . . .      Spirit   .    a - +0 robe
rPois   .          Reflect  .    (no helmet)
rElec   .          Harm     .    (no cloak)
rCorr   .          Rampage  .    (no gloves)
Will    .....                    (no boots)
Stlth   ++                       (no amulet)
HPRegen 0.24/turn                (no ring)
MPRegen 0.10/turn                (no ring)

@: no status effects
A: spiny 1
a: no special abilities


You were on level 2 of the Dungeon.
You visited 1 branch of the dungeon, and saw 2 of its levels.

You collected 43 gold pieces.

Inventory:

Hand Weapons
 g - a +0 short sword (weapon)
Missiles
 h - a throwing net
Armour
 a - a +0 robe (worn)
Scrolls
 c - a scroll of enchant armour {unknown}
 d - a scroll of immolation {unknown}
 e - a scroll of fear {unknown}
 f - a scroll of summoning {unknown}
Potions
 b - a potion of magic


   Skills:
 - Level 1.7 Dodging
 - Level 1.7 Stealth
 - Level 2.0 Spellcasting
 + Level 5.9 Necromancy


You had 5 spell levels left.
You knew the following spells:

 Your Spells              Type           Power      Damage    Failure   Level
a - Necrotise             Necr           92%        1d8       1%          1

Your spell library contained the following spells:

 Spells                   Type           Power      Damage    Failure   Level
 Vampiric Draining        Necr           23%        2d7       4%          3
 Animate Dead             Necr           23%        N/A       16%         4
 Agony                    Necr           23%        N/A       41%         5


Dungeon Overview and Level Annotations

Branches:
Dungeon (2/15)

Altars:

Annotations:
D:2 Terence


Innate Abilities, Weirdness & Mutations

You are partially covered in sharp spines.


Message History

Your bat skeleton barely misses Terence.
Your bat skeleton hits Terence. x2
Terence screams at your bat skeleton, "I want your blood!"
Terence hits your bat skeleton with a +2 falchion of holy wrath.
Your bat skeleton convulses.
Your bat skeleton is destroyed!
Terence shouts!
You are out of magic!
Okay, then.
Okay, then.
Casting: Necrotise (safe; 1% risk of failure)
Confirm with . or Enter, or press ? or * to list all spells.
Aiming: Necrotise (safe; 1% risk of failure)
Press: ? - help, Shift-Dir - straight line, f/p - Terence
Aim: Terence, wielding a +2 falchion of holy wrath and wearing a +3 chain mail (severely wounded, strong, chance to affect: 87%)
Okay, then.
Level annotation: Terence Welcome back, Crownlay the Demonspawn Necromancer.
Press ? for a list of commands and other information.
Casting: Necrotise (safe; 1% risk of failure)
Confirm with . or Enter, or press ? or * to list all spells.
Aiming: Necrotise (safe; 1% risk of failure)
Press: ? - help, Shift-Dir - straight line, f - Terence
Aim: Terence, wielding a +2 falchion of holy wrath and wearing a +3 chain mail (severely wounded, strong, chance to affect: 87%) Terence barely resists.
You barely miss Terence.
Terence is severely wounded.
Terence hits you with a +2 falchion of holy wrath!
Ouch! That really hurt!
You convulse.
Casting: Necrotise (safe; 1% risk of failure)
Confirm with . or Enter, or press ? or * to list all spells.
Aiming: Necrotise (safe; 1% risk of failure)
Press: ? - help, Shift-Dir - straight line, f/p - Terence
Aim: Terence, wielding a +2 falchion of holy wrath and wearing a +3 chain mail (severely wounded, strong, chance to affect: 87%) Terence barely resists.
Terence hits you with a +2 falchion of holy wrath!
* * * LOW HITPOINT WARNING * * *
You convulse!
You die...

#...####### ..
#.......... ...
########....######
...##.....##....#####
..........##........#
..........##...####.#
..........##r..#
..........##@..####
#.........@......#.#
#......)######.###.#
###.......#....# .#..
#######.#.##+###.#..
#..........#.###
##........#....#
#........#....#
###...#.##....#
###.#.##....#


You could see Terence (strong) and a rat.

Vanquished Creatures
  An adder (D:2)
  4 endoplasms (D:1)
  2 giant cockroaches (D:2)
  4 hobgoblins (D:1)
  A quokka (D:1)
  4 ball pythons (D:1)
  4 bats
  A frilled lizard (D:1)
  6 goblins
  5 kobolds
  2 rats (D:1)
34 creatures vanquished.

Vanquished Creatures (collateral kills)
  A bat (D:1)
  An endoplasm (D:1)
  A frilled lizard (D:2)
3 creatures vanquished.

Grand Total: 37 creatures vanquished

Notes
Turn   | Place    | Note
-------+----------+-------------------------------------------
     0 | D:1      | Crownlay the Demonspawn Necromancer began the quest for the
                  | Orb.
     0 | D:1      | Reached XP level 1. HP: 13/13 MP: 3/3
   224 | D:1      | Gained mutation: You are partially covered in sharp spines.
                  | [demonic ancestry]
   224 | D:1      | Reached XP level 2. HP: 19/19 MP: 3/5
   267 | D:1      | Reached skill level 5 in Necromancy
   436 | D:1      | Found a faded altar of an unknown god.
   693 | D:1      | Reached XP level 3. HP: 16/24 MP: 0/6
  1134 | D:2      | Noticed Terence
  1158 | D:2      | HP: 1/24 [Terence/+2 falchion of holy wrath (9)]
  1158 | D:2      | Mangled by Terence

Illustrated notes

Levels and vault maps discovered:
D:1:      kennysheep_arrival_forest, layout_rooms, basic_ecumenical_altar,
          chequers_serial_rivers_small_3, minmay_tree_intersection
D:2:      layout_basic, moated_statue, minmay_tetromino_l4, uniq_terence

Skill      XL: |  1  2 |
---------------+-------+-----
Necromancy     | 5 |  5.9
Dodging        | |  1.7
Stealth        | |  1.7
Spellcasting   | |  2.0

Action                     || total
---------------------------++-------
  Melee: Unarmed           ||     7
         Punch             ||     1
         Short sword       ||    13
   Cast: Necrotise         ||    59
 Armour: Robe              ||    11
  Dodge: Dodged            ||    15

Table legend: (Time is in decaauts)
 A = Elapsed time spent in this place.
 B = Non-inter-level travel time spent in this place.
 C = Inter-level travel time spent in this place.
 D = Time resting spent in this place.
 E = Time spent auto-exploring this place.
 F = Levels seen in this place.
 G = Mean time per level.
                   A        B        C        D        E       F      G
               +--------+--------+--------+--------+--------+-----+--------+
         Total |   1159 |   1132 |     27 |      0 |    942 |   2 |  579.5 |
       Dungeon |   1159 |   1132 |     27 |      0 |    942 |   2 |  579.5 |
               +--------+--------+--------+--------+--------+-----+--------+

Top non-repeatable levels by time:
     D:1: 953 daAuts
     D:2: 205 daAuts
